 Dungeon Crawl Stone Soup version 0.31.0-32-g396128a36d (webtiles) character file.

Game seed: 5696110439057863397

5535 spaghetti the Protected (level 10, -4/147 HPs)
             Began as a Naga Berserker on Mar 25, 2024.
             Was an Elder of Trog.
             Slain by a wraith (14 damage)
             ... on level 10 of the Dungeon.
             The game lasted 00:10:04 (10485 turns).

spaghetti the Protected (Naga Berserker)           Turns: 10485, Time: 00:10:04

Health: -4/147     AC: 12    Str: 24    XL:     10   Next: 71%
Magic:  10/10      EV:  9    Int: 14    God:    Trog [****..]
Gold:   197        SH:  0    Dex: 10    Spells: 9/9 levels left

rFire   . . .        l - +3 quarterstaff (chaos)
rCold   . . .        (shield currently unavailable)
rNeg    . . .        A - +0 acid dragon scales
rPois   +            c - +2 helmet
rElec   .            i - scarf {harm}
rCorr   +            (no gloves)
SInv    +            (no barding)
Will    +....        (no amulet) Stlth
                     f - +6 ring of intelligence
HPRegen 0.44/turn    (no ring)
MPRegen 0.12/turn

%: harm (+30% outgoing, +20% incoming)
@: berserking (expiring), lethally poisoned (-4 -> -5), slowed, studying Armour,
very slow
A: AC +3, large, see invisible, deformed body, poison resistance, slowness 2,
spit poison 1, naga tail 1
a: Spit Poison, Renounce Religion, Berserk, Trog's Hand, Brothers in Arms


You were on level 10 of the Dungeon.
You worshipped Trog.
Trog was greatly pleased with you.
You visited 1 branch of the dungeon, and saw 10 of its levels.
You also visited: Sewer.

You collected 401 gold pieces.
You spent 204 gold pieces at shops.

Inventory:

Hand Weapons
 j - a +3 short sword of venom
 l - a +3 quarterstaff of chaos (weapon)
Missiles
 v - a curare-tipped dart
Armour
 b - a +0 animal skin
 c - a +2 helmet (worn)
 i - a scarf of harm (worn)
 o - a +2 cloak
 p - a +0 leather armour of fire resistance
 A - +0 acid dragon scales (worn)
Jewellery
 f - a +6 ring of intelligence (left hand)
 x - a ring of flight
Wands
 k - a wand of charming (9)
 z - a wand of digging (4)
 C - a wand of mindburst (6)
Scrolls
 a - 4 scrolls of enchant armour
 d - 3 scrolls of blinking
 e - a scroll of fear
 m - 6 scrolls of teleportation
 n - 2 scrolls of vulnerability
 q - a scroll of silence
 s - 3 scrolls of identify
 t - a scroll of summoning
 u - a scroll of noise
 y - a scroll of immolation
Potions
 g - 2 potions of haste
 h - 2 potions of heal wounds
 r - a potion of lignification
 w - a potion of ambrosia
 B - a potion of cancellation


   Skills:
 - Level 8.7 Fighting
 - Level 3.0 Polearms
 + Level 11.4 Armour
 - Level 1.5 Dodging
 + Level 7.6 Evocations


You had 9 spell levels left.
You didn't know any spells.
Your spell library was empty.

Dungeon Overview and Level Annotations

Branches:
Dungeon (10/15)            Temple (0/1) D:6            Lair (0/5) D:9
  Sewer (visited)
    Orc: D:9-12

Altars:
Ashenzari
Cheibriados
Dithmenos
Elyvilon
Fedhas
Kikubaaqudgha
Makhleb
Nemelex Xobeh
Okawaru
Qazlal
Trog
Xom
Yredelemnul
The Shining One

Shops:
D:6 =   D:8 ?   D:9 *


Innate Abilities, Weirdness & Mutations

Your serpentine skin is tough. (AC +3)
You have supernaturally acute eyesight. (SInv)
Armour fits poorly on your strangely shaped body.
Your system is resistant to poisons. (rPois)
You cover ground very slowly.
You can spit poison.
You have a snake-like lower body.


Message History

The killer bee stings you but does no damage. x2
You sock the killer bee! You burn the killer bee.
You kill the killer bee!
Trog accepts your kill. The wraith hits you.
The killer bee stings you but does no damage.
The killer bee closely misses you.
You hit the killer bee.
The killer bee is poisoned.
The killer bee is heavily wounded.
The killer bee stings you. The killer bee barely misses you.
The killer bee stings you. The killer bee barely misses you.
The wraith hits you but does no damage. The wraith hits you!
* * * LOW HITPOINT WARNING * * *
The wraith drains your vigour!
You feel as though you will be slow longer.
The killer bee stings you but does no damage.
The killer bee stings you.
* * * LOW HITPOINT WARNING * * *
You are poisoned.
The killer bee poisons you!
You bludgeon the killer bee!!
You kill the killer bee!
Trog accepts your kill.
You can now call in reinforcements.
You feel very sick.
The killer bee barely misses you. x2; The wraith hits you!
* * * LOW HITPOINT WARNING * * *
You bludgeon the killer bee!!
You kill the killer bee!
Trog accepts your kill.
You feel very sick. The wraith hits you.
* * * LOW HITPOINT WARNING * * *
You closely miss the wraith.
You feel sick. The wraith misses you.
You sock the wraith!
The wraith becomes as fragile as glass!
The wraith is heavily damaged.
You feel sick. The wraith hits you but does no damage.
You hit the wraith but do no damage.
The wraith seems to grow stronger.
The wraith is heavily damaged.
You feel sick. The wraith barely misses you. The wraith hits you!
You die...

#.........#########....
#.........#>......#....
#.........'.......# ...
#.........#.......+
########.##.......#
#.#........#
#.#........#
#.#........#
#.#......@†#
#.#######W'# #.. .....
#.. ........ .........#
......>.....
.............
#.....#.######


You could see a wraith (strong, vitrified).

Vanquished Creatures
  A troll (D:10)
  2 hornets
  2 steam dragons
  Edmund (D:5)
  Duvessa (D:4)
  An acid dragon (D:9)
  3 water moccasins
  4 sky beasts
  An ice beast (D:7)
  Pargi (D:4)
  An orc warrior (D:9)
  3 ogres
  4 centaurs
  A phantom (D:7)
  7 bullfrogs
  A kobold brigand (D:6)
  Blork the orc (D:5)
  2 scorpions (D:5)
  3 wights (D:6)
  Dowan (D:4)
  13 killer bees
  A bombardier beetle (D:4)
  An orc priest (D:8)
  Crazy Yiuf (D:4)
  4 hounds
  3 jellies
  A sleepcap (D:7)
  A gnoll bouda (D:5)
  Jessica (D:3)
  Ijyb (D:5)
  Terence (D:2)
  3 iguanas
  7 orc wizards
  Robin (D:3)
  10 gnolls
  A river rat (D:4)
  15 adders
  A white imp (D:5)
  14 dart slugs
  2 ribbon worms
  25 orcs
  15 endoplasms
  11 giant cockroaches
  12 goblins
  11 hobgoblins
  4 jackals (D:4)
  5 quokkas
  14 ball pythons
  7 bats (D:1)
  17 frilled lizards
  12 kobolds
  2 rats (D:1)
258 creatures vanquished.

Vanquished Creatures (collateral kills)
  A bullfrog (D:9)
  A killer bee (D:8)
  3 orcs
5 creatures vanquished.

Vanquished Creatures (others)
  A steam dragon zombie (D:9)
1 creature vanquished.

Grand Total: 264 creatures vanquished

Notes
Turn   | Place    | Note
-------+----------+-------------------------------------------
     0 | D:1      | spaghetti the Naga Berserker began the quest for the Orb.
     0 | D:1      | Reached XP level 1. HP: 21/21 MP: 1/1
   152 | D:1      | Reached XP level 2. HP: 18/28 MP: 2/2
   546 | D:1      | Reached XP level 3. HP: 35/36 MP: 3/3
   693 | D:1      | Found a faded altar of an unknown god.
   726 | D:1      | Reached skill level 2 in Armour
   978 | D:2      | Noticed Terence
   985 | D:2      | Killed Terence
   986 | D:2      | Reached XP level 4. HP: 44/44 MP: 4/4
  1398 | D:2      | Reached XP level 5. HP: 45/51 MP: 5/5
  1588 | D:2      | Found a glowing golden altar of the Shining One.
  1645 | D:3      | Noticed Jessica
  1657 | D:3      | Killed Jessica
  1658 | D:3      | Reached skill level 3 in Armour
  1736 | D:3      | Noticed Robin
  1745 | D:3      | Reached skill level 5 in Fighting
  1748 | D:3      | Reached ** piety under Trog
  1759 | D:3      | Killed Robin
  2157 | D:3      | You fall into a shaft and drop 1 floor!
  2182 | D:4      | Reached XP level 6. HP: 49/61 MP: 6/6
  2185 | D:4      | Found a glowing drain.
  2244 | Sewer    | Entered a sewer
  2545 | Sewer    | Reached *** piety under Trog
  2804 | Sewer    | Reached skill level 4 in Armour
  2807 | Sewer    | Reached XP level 7. HP: 36/69 MP: 7/7
  3225 | D:4      | Noticed Pargi
  3246 | D:4      | Killed Pargi
  3249 | D:4      | Reached skill level 5 in Armour
  3382 | D:4      | Reached XP level 8. HP: 80/80 MP: 8/8
  3404 | D:4      | Noticed Dowan
  3404 | D:4      | Noticed Duvessa
  3413 | D:4      | Killed Duvessa
  3419 | D:4      | Killed Dowan
  4044 | D:4      | Reached **** piety under Trog
  4081 | D:4      | Found a runed translucent door.
  4082 | D:4      | Noticed Crazy Yiuf
  4201 | D:4      | Killed Crazy Yiuf
  4652 | D:5      | Entered Level 5 of the Dungeon
  4652 | D:5      | Found a shimmering altar of Xom.
  4708 | D:5      | Found a shadowy altar of Dithmenos.
  4726 | D:5      | Noticed Blork the orc
  4741 | D:5      | Killed Blork the orc
  4742 | D:5      | Reached skill level 6 in Armour
  5125 | D:5      | Found a blossoming altar of Fedhas.
  5280 | D:5      | Noticed Edmund
  5288 | D:5      | Killed Edmund
  5289 | D:5      | Reached XP level 9. HP: 84/84 MP: 9/9
  5426 | D:5      | Identified a scroll of acquirement
  5450 | D:5      | Acquired a manual of Armour
  5588 | D:5      | Noticed Ijyb
  5599 | D:5      | Killed Ijyb
  5756 | D:5      | Found an iron altar of Okawaru.
  5910 | D:6      | Reached skill level 7 in Armour
  5910 | D:6      | Reached skill level 1 in Evocations
  6150 | D:6      | Found Nali's Jewellery Shoppe.
  6246 | D:6      | Found a sparkling altar of Nemelex Xobeh.
  6719 | D:6      | Found a staircase to the Ecumenical Temple.
  6782 | D:6      | Reached skill level 8 in Armour
  7684 | D:7      | Reached skill level 9 in Armour
  7934 | D:7      | Found a white marble altar of Elyvilon.
  7995 | D:7      | Found a bloodstained altar of Trog.
  7995 | D:7      | Found an ancient bone altar of Kikubaaqudgha.
  8001 | D:7      | Reached skill level 5 in Evocations
  8234 | D:8      | Reached XP level 10. HP: 89/98 MP: 10/10
  8348 | D:8      | Reached skill level 10 in Armour
  8517 | D:8      | Found Sefeh's Magic Scroll Emporium.
  8539 | D:8      | Bought a scroll of enchant armour for 90 gold pieces
  8539 | D:8      | Bought a scroll of enchant armour for 90 gold pieces
  8539 | D:8      | Bought a scroll of identify for 24 gold pieces
  8724 | D:8      | Found a snail-covered altar of Cheibriados.
  9102 | D:9      | Found a basalt altar of Yredelemnul.
  9261 | D:9      | Found a staircase to the Lair.
  9337 | D:9      | Found a broken altar of Ashenzari.
  9342 | D:9      | Found a burning altar of Makhleb.
  9870 | D:9      | Reached skill level 11 in Armour
  9937 | D:9      | Found a stormy altar of Qazlal.
 10082 | D:9      | Found Hoto Foc's Assorted Antiques.
 10212 | D:10     | Entered Level 10 of the Dungeon
 10360 | D:10     | Paralysed by a hornet for 1 turns
 10485 | D:10     | Slain by a wraith

Illustrated notes

Levels and vault maps discovered:
D:1:      ncdulo_lavacross, layout_basic,
          hellmonk_ecumenical_altar_leap_of_faith, minmay_gold_behind_fungi
D:2:      layout_rooms, basic_altar, uniq_terence
D:3:      layout_loops_ring, hangedman_decor_riveting, uniq_robin, uniq_jessica
D:4:      layout_basic, serial_curves, eino_curves_01, eino_curves_01,
          cheibrodos_sewer_entry_sluice, uniq_crazy_yiuf_cottage, uniq_pargi,
          uniq_duvessa
D:5:      layout_basic, nicolae_dithmenos_shadow_blocks,
          fedhas_altar_decomposition, okawaru_altar_gauntlet_db,
          xom_butterflies, enter_ossuary_1, uniq_ijyb, uniq_edmund,
          uniq_blork_the_orc
D:6:      layout_basic, nemelex_spade_bored_becter, minmay_temple_entry_grid,
          serial_shops, shop
D:7:      layout_basic, mainiacjoe_overflow_catwalk,
          gammafunk_temple_overflow_pools
D:8:      layout_rooms, kennysheep_slug_shrine, serial_shops,
          nicolae_shop_crystal
D:9:      layout_loops_corners, mainiacjoe_overflow_small_starburst,
          jmf_multi_god_temple, grunt_qazlal_clouds, dpeg_oklobed_lair,
          serial_shops, shop, nicolae_letterblocks [nicolae_letter_subblock,
          nicolae_letter_subblock, nicolae_letter_subblock,
          nicolae_letter_subblock, nicolae_letter_subblock,
          nicolae_letter_subblock, nicolae_letter_subblock,
          nicolae_letter_subblock, nicolae_letter_subblock,
          nicolae_letter_subblock, nicolae_letter_subblock,
          nicolae_letter_subblock, nicolae_letter_subblock,
          nicolae_letter_subblock, nicolae_letter_subblock,
          nicolae_letter_subblock, nicolae_letter_subblock,
          nicolae_letter_subblock, nicolae_letter_subblock,
          nicolae_letter_subblock, nicolae_letter_subblock,
          nicolae_letter_subblock, nicolae_letter_subblock,
          nicolae_letter_subblock, nicolae_letter_subblock]
D:10:     layout_irregular_city, mainiacjoe_overflow_concentric_impassable,
          serial_shops, shop, kennysheep_mini_moat, shop, shop,
          small_chamber_with_monster, hangedman_abyss_or_decor_stagger

Skill      XL: |  1  2  3  4  5  6  7  8  9 10 |
---------------+-------------------------------+-----
Fighting       | 4 5 6 7 8 |  8.7
Armour         | 2 3 4 5 6 9 11 | 11.4
Evocations     | 5 7 |  7.6
Polearms       | |  3.0
Dodging        | |  1.5

Action                     |  1- 3 |  4- 6 |  7- 9 | 10-12 || total
---------------------------+-------+-------+-------+-------++-------
  Melee: Spear             |    97 |   348 |    82 |       ||   527
         Punch             |     2 |     2 |       |       ||     4
         Quarterstaff      |       |       |   221 |   127 ||   348
         Short sword       |       |       |    38 |       ||    38
 Invoke: Berserk           |     2 |     5 |    13 |     4 ||    24
         Trog's Hand       |       |     1 |     1 |     2 ||     4
         Brothers in Arms  |       |       |       |     1 ||     1
Ability: Spit Poison       |       |       |       |     1 ||     1
    Use: Scroll            |     3 |     6 |     6 |       ||    15
         Potion            |       |     7 |     4 |       ||    11
   Stab: Sleeping          |     1 |     3 |       |       ||     4
         Confused          |       |       |       |     1 ||     1
         Paralysed         |       |       |       |     1 ||     1
 Armour: Animal skin       |    65 |   237 |   125 |       ||   427
         Leather armour    |       |       |   230 |   120 ||   350
         Acid dragon scale |       |       |       |   105 ||   105
  Dodge: Dodged            |    43 |   176 |   193 |   114 ||   526
